 Dungeon Crawl Stone Soup version 0.17.1-1-g73c8601 (webtiles) character file.

178 dvd the Sneak (level 5, 0/35 HPs)
             Began as an Octopode Assassin on Dec 20, 2015.
             Slain by a river rat (5 damage)
             ... on level 3 of the Dungeon.
             The game lasted 00:12:17 (2051 turns).

dvd the Sneak (Octopode Assassin)                   Turns: 2051, Time: 00:12:17

Health: 0/35       AC:  1    Str: 12    XL:     5   Next: 58%
Magic:  5/5        EV: 12    Int: 13    God:
Gold:   148        SH:  0    Dex: 13    Spells: 0 memorised, 4 levels left

rFire  . . .     SeeInvis .     b - +0 blowgun
rCold  . . .     Clarity  .     (no shield)
rNeg   . . .     SustAt   .     (helmet restricted)
rPois  .         Gourm    .     (no amulet)
rElec  .         Spirit   .     (no ring)
rCorr  .         Warding  .     (no ring)
rMut   .         Stasis   .     (no ring)
MR     .....                    (no ring)
Stlth  +++++.....               (no ring)
                                (no ring)
                                (no ring)
                                (no ring)

@: not resistant to hostile enchantments, quite stealthy
A: almost no armour, amphibious, 8 rings, constrict 8, camouflage 1, gelatinous
body 1
a: no special abilities


You were on level 3 of the Dungeon.
You were not hungry.

You visited 1 branch of the dungeon, and saw 3 of its levels.

You collected 148 gold pieces.

Inventory:

Hand Weapons
 a - a +2 dagger
 b - a +0 blowgun (weapon)
Missiles
 c - 10 tomahawks
 d - a poisoned needle (quivered)
Wands
 n - a wand of slowing (31)
Scrolls
 f - a scroll of random uselessness {unknown}
 h - a scroll of magic mapping {unknown}
 i - a scroll of remove curse {unknown}
 j - a scroll of fear {unknown}
 o - a scroll of amnesia {unknown}
 p - a scroll of recharging {unknown}
 q - a scroll of teleportation {unknown}
 s - a scroll of fog {unknown}
 t - a scroll of noise {unknown}
Potions
 l - a potion of curing
 r - a potion of agility {unknown}
Books
 m - a book of Summonings

   Spells                             Type                      Level
   a - Recall                         Summoning/Translocation      3
   b - Aura of Abjuration             Summoning                    5
   c - Shadow Creatures               Summoning                    5
   d - Summon Demon                   Summoning                    5
   e - Summon Forest                  Summoning/Translocation      5
   f - Summon Mana Viper              Hexes/Summoning              5
Comestibles
 e - 3 bread rations
 g - 9 chunks of flesh


   Skills:
 + Level 2.6 Fighting
 + Level 2.4 Short Blades
 + Level 3.0 Throwing
 + Level 2.2 Dodging
 + Level 7.3 Stealth


You had 4 spell levels left.
You didn't know any spells.

Dungeon Overview and Level Annotations

Branches:
Dungeon (3/15)

Altars:
Elyvilon
Gozag
Qazlal
Yredelemnul

Portals:
Sewer: D:3

Annotations:
D:3 dvd's ghost, amateur MfGl


Innate Abilities, Weirdness & Mutations

You cannot wear most types of armour.
You are amphibious.
You can wear up to eight rings at the same time.
You can use your tentacles to constrict eight enemies at once.
Your skin changes colour to match your surroundings (Stealth).
Your rubbery body absorbs attacks (AC +1).


Message History

* * * LOW HITPOINT WARNING * * *
You feel sick.
Drink which item? (? for menu, Esc to quit)
It was a potion of curing.
You feel better. The river rat bites you!
* * * LOW HITPOINT WARNING * * *
Drop what? 20/52 slots (_ for help) (? for menu, Esc to quit)
You drop 2 potions of poison.
The river rat barely misses you.
Wield which item (- for none, * to show all)? (? for menu, Esc to quit)
b - a +0 blowgun (weapon)
The river rat closely misses you.
Quiver which item? (- for none, * to show all) (? for menu, Esc to quit)
Quivering
f - a scroll labeled COEGGINUYS for throwing.
Quiver which item? (- for none, * to show all) (? for menu, Esc to quit)
Quivering
d - 2 poisoned needles for blowguns.
Firing (i - inventory. (,) - cycle):
d - 2 poisoned needles (quivered)
Press: ? - help, Shift-Dir - straight line, f - river rat
Aim: a river rat You shoot a poisoned needle.
The poisoned needle hits the river rat!
The river rat is poisoned.
The river rat bites you.
You die...

########
#∩≈≈≈..# #
#≈≈≈≈..#####.#
#≈≈≈≈†.rrr@..#
#≈≈≈..#s####.#
#r≈...#.####.##
#######.......#
#..(....#
#.......#
#.......#
#.......##
#######
#.##(....#
#......


You could see 2 river rats, a giant cockroach and a rat.

Vanquished Creatures
  A worker ant (D:3)
  Jessica (D:3)
  2 adders (D:2)
  2 oozes
  3 worms
  2 giant geckos (D:1)
  10 orcs (D:3)
  8 bats
  5 goblins
  9 hobgoblins
  4 jackals (D:1)
  8 kobolds
  2 quokkas
  2 ball pythons (D:2)
  8 giant cockroaches
  2 giant newts
  7 rats
76 creatures vanquished.

Notes
Turn   | Place    | Note
--------------------------------------------------------------
     0 | D:1      | dvd the Octopode Assassin began the quest for the Orb.
     0 | D:1      | Reached XP level 1. HP: 14/14 MP: 1/1
   159 | D:1      | Reached XP level 2. HP: 19/19 MP: 2/2
   638 | D:2      | Reached XP level 3. HP: 23/25 MP: 3/3
   693 | D:2      | Reached skill level 6 in Stealth
   892 | D:2      | Reached XP level 4. HP: 30/30 MP: 4/4
  1070 | D:2      | Found a stormy altar of Qazlal.
  1154 | D:2      | Found an opulent altar of Gozag.
  1233 | D:2      | Found a white marble altar of Elyvilon.
  1383 | D:3      | Found a basalt altar of Yredelemnul.
  1509 | D:3      | Reached XP level 5. HP: 35/35 MP: 5/5
  1619 | D:3      | Noticed Jessica
  1626 | D:3      | Noticed dvd's ghost (amateur MfGl)
  1629 | D:3      | Killed Jessica
  1629 | D:3      | Reached skill level 7 in Stealth
  2034 | D:3      | Found a glowing drain.
  2051 | D:3      | Slain by a river rat

Action                   |  1- 3 |  4- 6 || total
-------------------------+-------+-------++-------
Melee: Dagger            |    44 |    68 ||   112
 Fire: Blowgun           |    16 |    29 ||    45
  Use: Potion            |       |     2 ||     2
 Stab: Sleeping          |    14 |    13 ||    27
  Eat: Chunk             |       |     3 ||     3
